 Dungeon Crawl Stone Soup version 0.29.0-13-gc9e81de378 (webtiles) character file.

Game seed: 17653283157942832410

28 freelancePsychic the Grave Robber (level 3, -1/28 HPs)
             Began as a Meteoran Necromancer on Sept 11, 2022.
             Slain by a worm (8 damage)
             ... on level 3 of the Dungeon.
             The game lasted 00:03:26 (415 turns).

freelancePsychic the Grave Robber (MeNe)             Turns: 415, Time: 00:03:26

Health: -1/28      AC:  2    Str:  9    XL:     3   Next: 47%
Magic:  1/8        EV: 12    Int: 19    God:
Gold:   30         SH:  0    Dex: 14    Spells: 7/8 levels left

rFire   . . .      SeeInvis .   g - +0 mace
rCold   . . .      Faith    .   (no shield)
rNeg    . . .      Spirit   .   a - +0 robe
rPois   .          Reflect  .   (no helmet)
rElec   .          Harm     .   (no cloak)
rCorr   .          Rampage  .   (no gloves)
Will    .....                   (no boots)
Stlth   +.........              (no amulet)
HPRegen 0.09/turn               (no ring)
MPRegen 0.11/turn               (no ring)

@: glowing
A: sense surroundings 1, otherworldly, glowing, explore regen
a: no special abilities


You were on level 3 of the Dungeon.
You visited 1 branch of the dungeon, and saw 4 of its levels.

You collected 30 gold pieces.

Inventory:

Hand Weapons
 g - a +0 mace (weapon)
Armour
 a - a +0 robe (worn)
 e - a +0 leather armour
Jewellery
 k - a ring of ice
Scrolls
 c - a scroll of noise {unknown}
 d - 2 scrolls of identify {unknown}
 h - a scroll of teleportation {unknown}
Potions
 b - a potion of magic
 f - a potion of mutation {unknown}
 i - 2 potions of curing {unknown}
 j - a potion of ambrosia {unknown}


   Skills:
 + Level 1.2 Fighting
 - Level 2.4 Dodging
 - Level 1.4 Stealth
 + Level 3.2 Spellcasting
 * Level 4.9 Necromancy


You had 7 spell levels left.
You knew the following spells:

 Your Spells              Type           Power      Damage    Failure   Level
a - Necrotise             Necr           88%        1d8       1%          1

Your spell library contained the following spells:

 Spells                   Type           Power      Damage    Failure   Level
 Vampiric Draining        Necr           22%        2d7       6%          3
 Shock                    Conj/Air       12%        1d3       16%         1
 Animate Dead             Necr           22%        N/A       19%         4
 Swiftness                Air            3%         N/A       41%         3
 Agony                    Necr           22%        N/A       47%         5
 Airstrike                Air            1%         2d(1-17)  83%         4


Dungeon Overview and Level Annotations

Branches:
Dungeon (4/15) Zot: 1980
 Temple: D:4-7

Altars:

Shops:
D:3 (


Innate Abilities, Weirdness & Mutations

You passively map a small area around you.
You are easily found by Zot.
You glow in the dark.
You regain HP and MP as you explore.


Message History

The worm is heavily wounded.
The bat completely misses you. The worm closely misses you.
Your orc skeleton hits the worm.
Casting: Necrotise (safe; 1% risk of failure)
Confirm with . or Enter, or press ? or * to list all spells.
Aiming: Necrotise (safe; 1% risk of failure)
Press: ? - help, Shift-Dir - straight line, f/p - worm
Aim: a worm (heavily wounded, ally target, chance to affect: 86%)
The worm writhes in agony.
The bat barely misses you.
Your orc skeleton barely misses the worm.
The worm misses you.
Casting: Necrotise (safe; 1% risk of failure)
Confirm with . or Enter, or press ? or * to list all spells.
Aiming: Necrotise (safe; 1% risk of failure)
Press: ? - help, Shift-Dir - straight line, f/p - worm
Aim: a worm (severely wounded, ally target, chance to affect: 86%)
The worm writhes in agony.
The bat barely misses you.
Casting: Necrotise (safe; 1% risk of failure)
Confirm with . or Enter, or press ? or * to list all spells.
You don't have enough magic to cast this spell.
Unknown command.
You barely miss the worm.
The worm is almost dead.
The bat barely misses you.
Your orc skeleton hits the worm but does no damage.
The worm bites you.
Your orc skeleton hits the worm.
You barely miss the worm. You punch the worm, but do no damage.
The worm is almost dead.
The bat barely misses you. The worm bites you!
* * * LOW HITPOINT WARNING * * *
Your orc skeleton hits the worm.
You strike the helpless worm from behind!
You hit the worm but do no damage.
The worm is almost dead.
The bat hits you.
* * * LOW HITPOINT WARNING * * *
The bat hits you but does no damage.
Your orc skeleton barely misses the worm.
The worm bites you!
You die...

...#..#......#.#*
.#.#..#.#.##...###
.#......#.#......#
......###.#.#.##.#
,,
####......#.#.##.#
*, ,
########.#.##)#
#..#.#Z#### *, * **
*#.###b.w..# , * ,
* ....#..@.#.###..
,
*.##..............
,, *,,, ..
................,,,
.* #####.#.........
, ** ^.....#.###..
* ####......# * . *
#.######### #.# ..,
###########.# #. *


You could see a worm (ally target), a bat and a friendly orc skeleton.

Vanquished Creatures
  2 adders (D:3)
  An orc (D:3)
  A bat (D:1)
  A kobold (D:2)
  2 quokkas
  A ball python (D:1)
  A frilled lizard (D:2)
  A rat (D:1)
10 creatures vanquished.

Notes
Turn   | Place    | Note
-------+----------+-------------------------------------------
     0 | D:1      | freelancePsychic the Meteoran Necromancer began the quest
                  | for the Orb.
     0 | D:1      | Reached XP level 1. HP: 14/14 MP: 5/5
   169 | D:2      | Reached XP level 2. HP: 22/22 MP: 3/6
   253 | D:3      | Found Ifrowky's Antique Weapon Boutique.
   270 | D:3      | Reached skill level 1 in Fighting
   287 | D:3      | Reached XP level 3. HP: 25/28 MP: 1/8
   415 | D:3      | Slain by a worm

Illustrated notes

Levels and vault maps discovered:
D:1:      saegor_arrival_simple_b, layout_loops_ring, serial_glass,
          glass_columns_a, glass_columns_a, minivault_24
D:2:      layout_basic, minmay_misc_feat_cross, kennysheep_generic_room_13,
          uniq_jessica
D:3:      layout_loops_cross, serial_shops, nicolae_shop_behind_doors,
          hellmonk_ecumenical_altar_leap_of_faith, uniq_sigmund
D:4:      layout_basic, minmay_temple_entry_stoned_glass

Skill      XL: |  1  2 |
---------------+-------+-----
Fighting       | 1 |  1.2
Spellcasting   | 3 |  3.2
Dodging        | |  2.4
Stealth        | |  1.4
Necromancy     | |  4.9

Action                   || total
-------------------------++-------
Melee: Mace              ||     8
       Punch             ||     1
 Cast: Necrotise         ||    27
 Stab: Distracted        ||     1
Armor: Robe              ||     3
Dodge: Dodged            ||    18
